 Dungeon Crawl Stone Soup version 0.31.0-11-ge490571c62 (webtiles) character file.

Game seed: 14412906619358969948

125233 Yore the Exorcist (level 16, -19/114 HPs)
             Began as a Gargoyle Fighter on Jan 27, 2024.
             Was an Elder of the Shining One.
             Killed from afar by Mara (illusionary) (44 damage)
             ... with a bolt of fire
             ... on level 3 of the Snake Pit.
             The game lasted 01:08:18 (30791 turns).

Yore the Exorcist (Gargoyle Fighter)               Turns: 30791, Time: 01:08:19

Health: -19/114    AC: 28    Str: 28    XL:     16   Next: 59%
Magic:  38/38      EV: 10    Int: 13    God:    the Shining One [****..]
Gold:   1397       SH: 11    Dex: 15    Spells: 15/15 levels left

rFire   . . .        n - +2 flail (protect)
rCold   . . .        I - +1 buckler {reflect}
rNeg    + + +        M - +2 ring mail of Naluzouv {Regen+ Str+2 Int+3}
rPois   ∞            k - +0 helmet
rElec   +            q - +0 cloak
rCorr   .            i - +0 pair of gloves
SInv    +            t - +0 pair of boots
Will    +....        J - amulet of the Endless Expanse {Reflect Str+5 SH+5}
Stlth   +            G - ring of see invisible
HPRegen 1.19/turn    F - ring of magical power
MPRegen 0.26/turn

%: reflection
@: flying, glowing
A: sickness immunity, AC +12, big wings, negative energy resistance 1,
electricity resistance, torment resistance 1, petrification resistance
}: 1/15 runes: abyssal
a: Renounce Religion, Divine Shield, Cleansing Flame


You were on level 3 of the Snake Pit.
You worshipped the Shining One.
The Shining One was greatly pleased with you.
You visited 4 branches of the dungeon, and saw 26 of its levels.
You visited the Abyss 1 time.
You also visited: Sewer and Bailey.

You collected 2783 gold pieces.
You spent 1386 gold pieces at shops.

Inventory:

Hand Weapons
 n - a +2 flail of protection (weapon)
 o - a +0 morningstar
Missiles
 K - a boomerang (quivered)
 N - 3 javelins
Armour
 f - a +0 tower shield
 i - a +0 pair of gloves (worn)
 k - a +0 helmet (worn)
 q - a +0 cloak (worn)
 t - a +0 pair of boots (worn)
 I - a +1 buckler of reflection (worn)
 M - the +2 ring mail of Naluzouv (worn) {Regen+ Str+2 Int+3}
   (You bought it in a shop on level 2 of the Orcish Mines)

   Str+2:     It affects your strength (+2).
   Int+3:     It affects your intelligence (+3).
   Regen+:    It increases your rate of health regeneration.
Jewellery
 b - a ring of fire
 c - a ring of ice
 F - a ring of magical power (right hand)
 G - a ring of see invisible (left hand)
 J - the amulet of the Endless Expanse (around neck) {Reflect Str+5 SH+5}
   (You bought it in a shop on level 2 of the Orcish Mines)

   [amulet of reflection]

   Reflect:   It reflects blocked missile attacks.
   Str+5:     It affects your strength (+5).
   SH+5:      It affects your SH (+5).
Wands
 a - a wand of acid (6)
 m - a wand of polymorph (9)
 w - a wand of charming (24)
 x - a wand of roots (13)
 H - a wand of digging (2)
Scrolls
 l - 2 scrolls of poison
 p - a scroll of revelation {unknown}
 s - a scroll of blinking
 v - 2 scrolls of teleportation
 y - 2 scrolls of silence
 z - 3 scrolls of fear
 E - a scroll of enchant armour {unknown}
 L - 2 scrolls of enchant weapon
Potions
 d - 2 potions of might
 e - 8 potions of brilliance
 h - 5 potions of enlightenment
 j - 15 potions of curing
 r - 5 potions of lignification
 u - 4 potions of heal wounds
 A - 4 potions of cancellation
 B - 7 potions of haste
 C - 3 potions of mutation
 D - 2 potions of magic
Miscellaneous
 g - a phial of floods (inert)


   Skills:
 * Level 18.2 Fighting
 + Level 12.7 Maces & Flails
 + Level 13.7 Armour
 - Level 5.1 Shields
 * Level 18.3 Invocations


You had 15 spell levels left.
You didn't know any spells.
Your spell library contained the following spells:

 Spells                   Type           Power      Damage    Failure   Level
 Magic Dart               Conj           0%         1d3       43%         1
 Sandblast                Erth           0%         2d4       43%         1
 Shock                    Conj/Air       0%         1d3       43%         1
 Blink                    Tloc           0%         N/A       56%         2
 Call Imp                 Summ           0%         N/A       56%         2
 Passwall                 Erth           0%         N/A       80%         3
 Stone Arrow              Conj/Erth      0%         3d7       80%         3
 Swiftness                Air            0%         N/A       80%         3
 Airstrike                Air            0%         2d(0-16)  99%         4
 Anguish                  Hex/Necr       0%         N/A       99%         4
 Animate Dead             Necr           0%         N/A       99%         4
 Brom's Barrelling Bould  Conj/Erth      0%         2d3       99%         4
 Ignite Poison            Fire/Alch      0%         N/A       99%         4
 Passage of Golubria      Tloc           0%         N/A       99%         4
 Freezing Cloud           Conj/Ice/Air   0%         6-21      100%        5
 Lee's Rapid Deconstruct  Erth           0%         3d4*      100%        5
 Silence                  Hex/Air        0%         N/A       100%        5
 Lehudib's Crystal Spear  Conj/Erth      0%         10d2      100%        8
 Cigotuvi's Dreadful Rot  Necr/Alch/Air  Unusable   N/A       N/A         2

Dungeon Overview and Level Annotations

Branches:
Dungeon (15/15)            Temple (0/1) D:5            Lair (5/5) D:11
 Shoals (0/4) Lair:2        Snake (4/4) Lair:3          Orc (2/2) D:11
    Elf (0/3) Orc:2        Vaults (0/5) D:13         Depths (0/4) D:15
  Sewer (visited)          Bailey (visited)
  Slime: Lair:4-5

Altars:
Ashenzari
Dithmenos
Fedhas
Makhleb
Okawaru
Qazlal
Sif Muna
Trog
Uskayaw
Wu Jian
Xom
Zin
The Shining One

Shops:
D:13 (   D:14 (   Orc:2 :=[*

Annotations:
D:4 2 transporters, Jokingforfun's ghost, amateur DgCj
D:8 2 transporters, Jeremiah; brilapsti's ghost, novice DrMo
Lair:1 exclusion: oklob plant
Lair:4 exclusion: oklob plant
Snake:3 Mara


Innate Abilities, Weirdness & Mutations

You are immune to sickness and miasma.
Your stone body is resilient. (AC +12)
You are immune to poison.
Your large and strong wings let you fly.
You resist negative energy. (rN+)
You are resistant to electric shocks. (rElec)
You are resistant to unholy torment.
You are immune to petrification.


Message History

You escape the anaconda's grasp.
The anaconda attacks as it pursues you! You block the anaconda's attack.
The anaconda bites you but does no damage.
Mara attacks as he pursues you!
Mara hits you from afar with a +5 demon trident of venom!
The anaconda misses you. You block the anaconda's attack.
A salamander tyrant comes into view.
You see here a +0 halberd.
Mara attacks as he pursues you! You block Mara's attack.
You block the anaconda's attack.
The anaconda bites you but does no damage.
The anaconda closely misses you.
The anaconda bites you but does no damage.
Mara attacks as he pursues you! You block Mara's attack.
You block the anaconda's attack. The anaconda completely misses you.
The anaconda attacks as it pursues you! The anaconda barely misses you.
You block the anaconda's attack. The anaconda barely misses you.
The anaconda bites you but does no damage.
You block the anaconda's attack. The anaconda closely misses you.
Mara attacks as he pursues you! You block Mara's attack.
The anaconda completely misses you. You block the anaconda's attack.
Mara attacks as he pursues you! You block Mara's attack.
The anaconda attacks as it pursues you! The anaconda grabs you.
The anaconda bites you but does no damage.
The anaconda constricts you.
Mara blinks!
The anaconda bites you. The anaconda constricts you.
The anaconda's grasp on you weakens, but your attempt to escape fails.
You block the anaconda's attack. The anaconda constricts you.
The anaconda bites you. The anaconda constricts you.
You escape the anaconda's grasp.
Mara weaves an illusion.
The salamander tyrant rends the earth beneath you!
The blast of magma engulfs you!!!
* * * LOW HITPOINT WARNING * * *
The blast of magma engulfs the anaconda!!!
There is a stone staircase leading up here.
Mara gestures at you. The bolt of fire hits you!!!
You die...

.........)###..##..#.
......N...).)........
...#...#####.#......#.#
##N## ##.#...## ..
#.#####.....# #.#
##@##.....#.## #..
#.....##....# ####.
#.#.S.R...#######....
#.#≈@≈#.#####........
#.#..≈R.......##....)
#............##......
.....#........##......
###............##......
#####........##......
#........##......
#........###.....
#........# ##....


You could see 2 Maras, a salamander tyrant, an anaconda and Yore's illusion.

Vanquished Creatures
  Mlioglotl (Snake:1)
  Aizul (Snake:1)
  Louise (D:14)
  An ironbound preserver (D:13)
  Azrael (Snake:1)
  A great orb of eyes (D:15)
  A salamander tyrant (Snake:2)
  An ogre mage (D:15)
  3 anacondas
  Erica (D:9)
  3 hydras
  6 two-headed ogres
  2 boulder beetles
  3 catoblepae
  6 centaur warriors
  5 naga warriors
  A death yak (Lair:2)
  2 tengu warriors (D:14)
  5 orc high priests
  A naga sharpshooter (Snake:1)
  3 shock serpents (Snake:1)
  Sonja (D:11)
  2 skysharks
  2 spatial maelstroms (Abyss:3)
  A goliath frog (Lair:5)
  7 mana vipers
  2 naga ritualists (Snake:1)
  2 shadow demons (Abyss:3)
  7 deep elf pyromancers
  4 deep elf zephyrmancers (Orc:2)
  6 orc knights (Orc:2)
  An orc sorcerer (Orc:2)
  A wolf spider (D:15)
  An ugly thing (D:13)
  11 salamanders
  2 cyclopes (D:13)
  14 elephants
  2 kobold blastminers (Orc:1)
  A torpor snail (Lair:2)
  2 guardian serpents (Snake:1)
  Joseph (D:8)
  14 black mambas
  A torpor snail (shapeshifter) (D:15)
  5 naga magi
  20 cane toads
  Maggie (D:9)
  A gargoyle (D:13)
  An unseen horror (D:11)
  7 komodo dragons
  5 rime drakes
  A tengu conjurer (D:15)
  An efreet (D:15)
  A freezing wraith (D:14)
  A polar bear (Lair:4)
  4 trolls
  Prince Ribbit (D:6)
  2 hornets
  34 blink frogs
  4 dream sheep
  3 water elementals (D:14)
  6 shadows
  A culicivora (shapeshifter) (D:13)
  4 wraiths
  2 wyverns
  41 yaks
  4 fire elementals (Snake:1)
  5 basilisks
  3 wargs
  8 vampire mosquitoes
  4 steam dragons
  6 spatial vortices (Abyss:3)
  17 nagas
  3 swamp worms (D:8)
  2 acid dragons
  2 hell hounds (Snake:1)
  14 water moccasins
  5 black bears
  32 orc warriors
  2 ice beasts
  2 sky beasts (D:7)
  2 laughing skulls (D:15)
  7 ogres
  9 wolves
  13 centaurs
  3 kobold brigands
  2 gnoll sergeants (D:8)
  8 bullfrogs
  An earth elemental (Abyss:3)
  A scorpion (D:5)
  6 wights
  3 howler monkeys
  A bombardier beetle (D:5)
  5 electric eels
  3 jellies
  21 orc priests
  2 hounds
  2 gnoll boudas
  A sleepcap (D:6)
  2 iguanas
  Natasha (D:2)
  9 hell rats
  16 orc wizards
  Robin (D:2)
  33 gnolls
  4 adders
  6 river rats (Lair:4)
  2 ufetubi (D:6)
  2 dart slugs
  A ribbon worm (D:2)
  74 orcs
  6 bats
  9 endoplasms
  A giant cockroach (D:1)
  23 goblins
  9 hobgoblins
  6 quokkas
  15 ball pythons
  3 frilled lizards
  18 kobolds
  7 rats
727 creatures vanquished.

Vanquished Creatures (collateral kills)
  A naga warrior (Snake:1)
  A salamander (Snake:1)
  A naga mage (Snake:1)
  A cane toad (Lair:5)
  2 blink frogs (Lair:5)
  A tyrant leech (Lair:5)
  A dream sheep (Lair:5)
  A vampire mosquito (Lair:5)
  An orc warrior (Bailey)
  2 bullfrogs (Lair:5)
  An electric eel (Lair:5)
  3 gnolls (Bailey)
  2 orcs (Bailey)
18 creatures vanquished.

Vanquished Creatures (others)
  A naga ritualist (Snake:3)
  A deep elf pyromancer (D:13)
  3 cane toads (Lair:5)
5 creatures vanquished.

Grand Total: 750 creatures vanquished

Notes
Turn   | Place    | Note
-------+----------+-------------------------------------------
     0 | D:1      | Yore the Gargoyle Fighter began the quest for the Orb.
     0 | D:1      | Reached XP level 1. HP: 14/14 MP: 1/1
    81 | D:1      | Reached XP level 2. HP: 19/19 MP: 2/2
   270 | D:1      | Found a faded altar of an unknown god.
   316 | D:1      | Reached XP level 3. HP: 19/24 MP: 3/3
   819 | D:1      | You fall into a shaft and drop 1 floor!
  1127 | D:2      | Reached XP level 4. HP: 28/29 MP: 4/4
  1189 | D:2      | Noticed Robin
  1251 | D:2      | Killed Robin
  1710 | D:2      | Reached XP level 5. HP: 34/34 MP: 5/5
  1729 | D:2      | Found a burning altar of Makhleb.
  1789 | D:2      | Noticed Natasha
  1796 | D:2      | Killed Natasha
  2480 | D:3      | Reached skill level 5 in Fighting
  2480 | D:3      | Reached XP level 6. HP: 32/40 MP: 4/6
  3123 | D:4      | Found a shimmering blue altar of Sif Muna.
  3123 | D:4      | Found a shadowy altar of Dithmenos.
  3123 | D:4      | Found a hide-covered altar of Uskayaw.
  3123 | D:4      | Found a blossoming altar of Fedhas.
  3123 | D:4      | Found a glowing golden altar of the Shining One.
  3129 | D:4      | Found a burning altar of Makhleb.
  3169 | D:4      | Became a worshipper of the Shining One
  3181 | D:4      | Found an iron altar of Okawaru.
  3218 | D:4      | Reached skill level 1 in Invocations
  3505 | D:4      | Noticed Jokingforfun's ghost (amateur DgCj)
  3572 | D:4      | Found a transporter.
  3595 | D:4      | Found a transporter.
  3998 | D:5      | Entered Level 5 of the Dungeon
  4034 | D:5      | Reached XP level 7. HP: 44/44 MP: 7/7
  4036 | D:5      | Found a staircase to the Ecumenical Temple.
  4165 | D:5      | Reached skill level 5 in Armour
  4272 | D:5      | Identified the +1 spear "Koep" {spect, rF+ Int+3}
  4705 | D:5      | Reached skill level 5 in Maces & Flails
  4705 | D:5      | Reached XP level 8. HP: 42/51 MP: 7/10
  5246 | D:6      | Noticed Prince Ribbit
  5304 | D:6      | Killed Prince Ribbit
  5358 | D:6      | Reached skill level 5 in Invocations
  5538 | D:6      | Found a broken altar of Ashenzari.
  5564 | D:6      | Found a glowing silver altar of Zin.
  5720 | D:6      | Reached * piety under the Shining One
  5728 | D:6      | Found an ornate altar of the Wu Jian Council.
  5775 | D:6      | Found a glowing drain.
  5780 | Sewer    | Entered a sewer
  5875 | Sewer    | Reached XP level 9. HP: 52/57 MP: 13/13
  5917 | Sewer    | Found a white marble altar of Elyvilon.
  6229 | D:7      | Found a stormy altar of Qazlal.
  6815 | D:7      | Found a flagged portal.
  6830 | Bailey   | Entered a bailey
  7524 | D:8      | Noticed Joseph
  7524 | D:8      | Reached ** piety under the Shining One
  7697 | D:8      | Found a transporter.
  7759 | D:8      | Noticed brilapsti's ghost (novice DrMo)
  7846 | D:8      | Reached XP level 10. HP: 64/64 MP: 16/16
  7953 | D:8      | Found a transporter.
  7969 | D:8      | Noticed Jeremiah
  8169 | D:8      | Killed Joseph
  8620 | D:8      | Identified the amulet "Atatus" {+Blink Regen+ rCorr Str-5
                  | SInv}
  9117 | D:9      | Noticed Erica
  9130 | D:9      | Killed Erica
  9338 | D:9      | Noticed Maggie
  9358 | D:9      | Killed Maggie
  9359 | D:9      | Reached skill level 5 in Shields
 10171 | D:10     | Entered Level 10 of the Dungeon
 10473 | D:10     | Reached XP level 11. HP: 62/72 MP: 18/18
 10535 | D:10     | Reached skill level 10 in Invocations
 10558 | D:10     | Reached skill level 10 in Fighting
 11013 | D:11     | Noticed a two-headed ogre
 11034 | D:11     | Killed a two-headed ogre
 11168 | D:11     | Found a staircase to the Lair.
 11170 | D:11     | Found a staircase to the Orcish Mines.
 11892 | D:11     | Reached *** piety under the Shining One
 11918 | D:11     | Noticed Sonja
 11945 | D:11     | Killed Sonja
 12397 | D:12     | Noticed a two-headed ogre
 12411 | D:12     | Killed a two-headed ogre
 12681 | D:12     | Found a shimmering altar of Xom.
 12989 | D:12     | Noticed a two-headed ogre
 13001 | D:12     | Killed a two-headed ogre
 13232 | D:13     | Noticed a centaur warrior
 13263 | D:13     | Noticed a white ugly thing
 13363 | Lair:1   | Entered Level 1 of the Lair of Beasts
 13363 | Lair:1   | Noticed a catoblepas
 13376 | Lair:1   | Killed a catoblepas
 13490 | Lair:1   | Reached XP level 12. HP: 71/80 MP: 20/20
 14146 | Lair:1   | Found a bloodstained altar of Trog.
 14684 | Lair:1   | Reached **** piety under the Shining One
 14811 | Lair:1   | Reached skill level 10 in Armour
 15295 | Lair:2   | Found a staircase to the Shoals.
 15537 | Lair:2   | Noticed a death yak
 15579 | Lair:2   | Killed a death yak
 16497 | Lair:3   | Noticed an eight-headed hydra
 16623 | Lair:3   | Found a staircase to the Snake Pit.
 16659 | Lair:3   | Noticed a catoblepas
 16684 | Lair:3   | Killed a catoblepas
 16789 | Lair:3   | Reached XP level 13. HP: 85/88 MP: 22/22
 17131 | Orc:1    | Entered Level 1 of the Orcish Mines
 17267 | Orc:2    | Entered Level 2 of the Orcish Mines
 17446 | Orc:2    | Found a staircase to the Elven Halls.
 18205 | Orc:1    | Reached skill level 10 in Maces & Flails
 19695 | Orc:2    | HP: 3/89 [burnt (10)]
 20571 | Orc:2    | Got the Secrets of Ectoplasm and the Fault
 21633 | Orc:2    | Gained mutation: Your large and strong wings let you fly.
                  | [Gargoyle growth]
 21633 | Orc:2    | Reached XP level 14. HP: 96/96 MP: 25/25
 21822 | Orc:2    | Found Acuxumifaq's Book Boutique.
 21825 | Orc:2    | Found Upievox's Antique Armour Shop.
 21826 | Orc:2    | Found Nuephiuc's General Store.
 21827 | Orc:2    | Found Vafuur's Jewellery Boutique.
 21830 | Orc:2    | Bought a scroll of enchant weapon for 105 gold pieces
 21830 | Orc:2    | Bought a scroll of enchant weapon for 105 gold pieces
 21831 | Orc:2    | Bought a faintly humming ring mail for 369 gold pieces
 21831 | Orc:2    | Identified the +2 ring mail of Naluzouv {Regen+ Str+2
                  | Int+3} (You bought it in a shop on level 2 of the Orcish
                  | Mines)
 21845 | Orc:2    | Bought the amulet of the Endless Expanse {Reflect Str+5
                  | SH+5} for 807 gold pieces
 22392 | Lair:3   | Reached skill level 15 in Invocations
 22702 | Lair:4   | Reached skill level 15 in Fighting
 23667 | Lair:5   | Entered Level 5 of the Lair of Beasts
 24668 | Lair:5   | Reached XP level 15. HP: 104/104 MP: 27/27
 25853 | D:13     | Found Uxuredit's Weapon Shop.
 26336 | D:13     | Found a gate to the Vaults.
 26930 | D:14     | Found Kadamups's Weapon Emporium.
 26931 | D:14     | Noticed Louise
 26953 | Abyss:3  | Cast into level 3 of the Abyss (Louise)
 27013 | Abyss:3  | Noticed a tentacled starspawn
 27015 | Abyss:3  | Got an abyssal rune of Zot
 27041 | D:14     | Escaped the Abyss
 27059 | D:14     | Killed Louise
 27463 | D:15     | Entered Level 15 of the Dungeon
 28251 | D:15     | Found a staircase to the Depths.
 28642 | Snake:1  | Entered Level 1 of the Snake Pit
 28675 | Snake:1  | Identified the serpent talisman of Gabriv {rElec Will+++
                  | Str-2 Stlth+}
 28675 | Snake:1  | Noticed Aizul
 28709 | Snake:1  | Killed Aizul
 29022 | Snake:2  | Reached XP level 16. HP: 79/112 MP: 16/28
 29118 | Snake:1  | Noticed Mlioglotl
 29137 | Snake:1  | Killed Mlioglotl
 29931 | Snake:1  | Noticed Azrael
 29941 | Snake:1  | Killed Azrael
 30257 | Snake:2  | Identified the +1 ring mail "Ommothra" {rF+ Slay+3}
 30284 | Snake:2  | HP: 3/114 [salamander/+0 trident (5)]
 30284 | Snake:2  | The Shining One protects you from harm!
 30677 | Snake:4  | Entered Level 4 of the Snake Pit
 30772 | Snake:3  | Noticed Mara
 30776 | Snake:3  | Noticed Yore's illusion
 30791 | Snake:3  | Killed from afar by Mara (illusionary)

Illustrated notes

Levels and vault maps discovered:
D:1:      shiori_arrival_oz, layout_loops_ring,
          shapermc_ecumenical_altar_totnotflames, nrook_mini_backslash
D:2:      layout_basic, basic_altar, uniq_robin, uniq_natasha
D:3:      layout_basic
D:4:      layout_basic, mainiacjoe_overflow_paths, grunt_temple_overflow_open,
          gammafunk_ghost_arena, serial_curves, eino_curves_03, eino_curves_04,
          eino_curves_04, minmay_gold_behind_fungi
D:5:      layout_basic, minmay_temple_entry_ruins, lemuel_flame_loot_1
D:6:      layout_rooms, mainiacjoe_overflow_catwalk,
          nicolae_overflow_hidden_temple, mainiacjoe_overflow_alcove_2,
          portal_sewer_entry_e, kennysheep_generic_room_11, uniq_prince_ribbit1
D:7:      layout_loops_ring, mainiacjoe_overflow_small_starburst,
          lightli_bailey_entry_fortress, chequers_serial_rivers_micro_e
D:8:      black_bear_nest_1, layout_basic, gammafunk_ghost_stat_death,
          minmay_statues_item, worms_lemuel, uniq_joseph, uniq_jeremiah
D:9:      layout_grid_maze, uniq_erica, uniq_maggie
D:10:     layout_gridville, hex_large
D:11:     layout_layer_cave, dpeg_oklobed_lair, uniq_sonja
D:12:     layout_big_octagon, dk_vineyard_3, regret_index_xom_buried_treasure
D:13:     layout_stronghold, skrybe_vaults_entry_preservation,
          serial_bayou_pond_d, nicolae_take_the_stairs
D:14:     layout_basic, serial_shops, shop, chequers_serial_rivers_small_3,
          minmay_misc_feat_room, uniq_louise
D:15:     hangedman_depths_entry_try_elsewhere_first, layout_loops_ring,
          minmay_misc_feat_pillars, bh_walls_and_bars
Lair:1:   layout_gridlike, basic_altar, st_stairs_9, serial_bayou_shore_a,
          serial_bayou_shore_b, lemuel_fruit_fields
Lair:2:   layout_concentric_octagons, minmay_shoals_entry_centaurs
Lair:3:   layout_loops_ring, guppyfry_snake_entry_garden
Lair:4:   layout_regular_city, minmay_slime_entry_oklob_enclosed,
          kennysheep_rathole, grunt_megastairs_2
Lair:5:   minmay_lair_end_frog_pond, layout_small_grid, serial_bayou_pond_c
Snake:1:  layout_gridlike, nicolae_snake_salamander_jacuzzi,
          serial_bayou_shore_b, uniq_azrael, uniq_aizul, uniq_mlioglotl
Snake:2:  layout_misc_corridors
Snake:3:  layout_rooms, drop_trap, uniq_mara
Snake:4:  snake_pit_salamanders_mu, layout_cave_town, grunt_megastairs_1,
          lemuel_fruit_tree
Orc:1:    layout_caves, portal_ice_cave_rime
Orc:2:    st_orc_pillars, layout_caves, elves_outpost_lemuel

Skill      XL: |  1  2  3  4  5  6  7  8  9 10 11 12 13 14 15 16 |
---------------+-------------------------------------------------+-----
Fighting       | 4 5 6 7 8 9 11 13 14 16 17 18 | 18.2
Maces & Flails | 3 4 5 6 7 8 9 10 11 12 | 12.7
Armour         | 4 5 6 7 8 9 10 11 12 13 | 13.7
Shields        | 4 5 |  5.1
Invocations    | 1 3 5 8 9 11 13 14 16 17 18 | 18.3

Action                     |  1- 3 |  4- 6 |  7- 9 | 10-12 | 13-15 | 16-18 || total
---------------------------+-------+-------+-------+-------+-------+-------++-------
  Melee: Flail             |    92 |   259 |   331 |   913 |  1893 |   309 ||  3797
  Throw: Boomerang         |       |       |       |    10 |    49 |     1 ||    60
 Invoke: Divine Shield     |       |       |       |     4 |    10 |       ||    14
         Cleansing Flame   |       |       |       |       |    21 |     9 ||    30
  Evoke: Wand              |       |       |     5 |    29 |    18 |     6 ||    58
         Phial of floods   |       |       |       |       |     1 |     2 ||     3
    Use: Scroll            |       |       |    10 |     6 |     9 |     5 ||    30
         Potion            |       |       |       |     2 |     9 |     2 ||    13
 Armour: Scale mail        |    51 |   266 |   305 |   112 |       |       ||   734
         Steam dragon scal |       |       |       |    53 |       |       ||    53
         Acid dragon scale |       |       |       |   594 |   659 |       ||  1253
         Ring mail         |       |       |       |       |  1177 |   319 ||  1496
  Dodge: Dodged            |    42 |   122 |   159 |   411 |   907 |   139 ||  1780
  Block: Buckler           |    15 |    66 |    91 |   190 |  1087 |   217 ||  1666
         Kite shield       |       |       |       |    94 |       |       ||    94
         Reflection        |       |       |       |     2 |    30 |    15 ||    47
